 Dungeon Crawl Stone Soup version 0.31-a0-983-g7b6862f502 (webtiles) character file.

Game seed: 10975476603445714390

2316 gelatine the Grappler (level 9, -5/80 HPs)
             Began as a Troll Shapeshifter on Nov 2, 2023.
             Slain by a two-headed ogre
             ... wielding a +0 giant club
              (12 damage)
             ... on level 6 of the Dungeon.
             The game lasted 00:13:02 (4680 turns).

gelatine the Grappler (Troll Shapeshifter)          Turns: 4680, Time: 00:13:03

Health: -5/80      AC:  4    Str: 28    XL:     9   Next: 18%
Magic:  8/8        EV: 10    Int:  6    God:
Gold:   350        SH:  0    Dex:  9    Spells: 8/8 levels left

rFire   . .          .
                       - Unarmed
rCold   . . .        (no shield)
rNeg    . . .        a - +0 animal skin
rPois   .            (helmet currently unavailable)
rElec   .            (cloak currently unavailable)
rCorr   .            (gloves unavailable)
SInv    .            (boots unavailable)
Will    .....        (no amulet)
Stlth   +            (no ring)
HPRegen 1.13/turn    (no ring)
MPRegen 0.11/turn

%: no passive effects
@: beast-form
A: beast (slay +2), large, unfitting armour, claws 3, regeneration 1, shaggy fur
1, tough skin 1
a: Begin Untransformation


You were on level 6 of the Dungeon.
You were a hulking beast.
You visited 2 branches of the dungeon, and saw 8 of its levels.
You also visited: Sewer.

You collected 350 gold pieces.

Inventory:

Missiles
 j - 87 stones
 s - 37 poisoned darts
 w - a curare-tipped dart (quivered)
 C - 5 silver javelins
Armour
 a - a +0 animal skin (worn)
 t - an orb of energy
 D - a +0 cloak
Talismans
 c - a beast talisman
 d - a flux talisman
Wands
 r - a wand of quicksilver (11)
 v - a wand of flame (45)
 B - a wand of roots (5)
Scrolls
 e - a scroll of immolation
 f - 6 scrolls of teleportation
 g - a scroll of fog
 h - a scroll of enchant weapon
 m - 2 scrolls of silence
 n - 2 scrolls of poison {unknown}
 u - a scroll of blinking {unknown}
 y - 4 scrolls of fear {unknown}
 A - a scroll of enchant armour {unknown}
Potions
 b - a potion of lignification
 i - a potion of magic
 k - 3 potions of haste
 l - a potion of heal wounds
 o - 2 potions of cancellation
 p - a potion of mutation
 q - 2 potions of brilliance {unknown}
 x - a potion of curing
 z - a potion of degeneration {unknown}


   Skills:
 * Level 2.5 Fighting
 + Level 2.7 Throwing
 + Level 4.3 Dodging
 + Level 1.4 Stealth
 + Level 9.2 Unarmed Combat
 * Level 5.2 Shapeshifting


You had 8 spell levels left.
You didn't know any spells.
Your spell library contained the following spells:

 Spells                   Type           Power      Damage    Failure   Level
 Apportation              Tloc           0%         N/A       45%         1
 Magic Dart               Conj           0%         1d3       45%         1
 Shock                    Conj/Air       0%         1d3       45%         1
 Jinxbite                 Hex            0%         N/A       58%         2
 Searing Ray              Conj           0%         2d4       58%         2
 Dazzling Flash           Conj/Hex       0%         N/A       83%         3
 Swiftness                Air            0%         N/A       83%         3
 Airstrike                Air            0%         2d(0-16)  99%         4
 Fulminant Prism          Conj/Hex       0%         3d5       99%         4
 Agony                    Necr           0%         N/A       100%        5
 Alistair's Intoxication  Tmut/Pois      0%         N/A       100%        5
 Silence                  Hex/Air        0%         N/A       100%        5


Dungeon Overview and Level Annotations

Branches:
Dungeon (7/15)             Temple (1/1) D:4           Sewer (visited)

Altars:
Ashenzari
Cheibriados
Dithmenos
Elyvilon
Fedhas
Gozag
Hepliaklqana
Kikubaaqudgha
Makhleb
Nemelex Xobeh
Okawaru
Qazlal
Ru
Sif Muna
Trog
Uskayaw
Vehumet
Wu Jian
Xom
Yredelemnul
Zin


Innate Abilities, Weirdness & Mutations

You are a hulking beast.
Your limbs bulge with bestial killing power. (Slay +2)
You are too large for most types of armour.
You have claws for hands.
Your natural rate of healing is unusually fast.
You are covered in fur. (AC +1)
You have tough skin. (AC +1)


Message History

You feel sick.
The killer bee stings you. x2; The killer bee stings you!
The two-headed ogre barely misses you. x2; The killer bee stings you.
You are more poisoned.
The killer bee poisons you! The killer bee closely misses you.
You climb upwards.
You feel very sick.
There is a stone staircase leading down here.
You barely miss the killer bee.
You feel very sick. The killer bee barely misses you.
The killer bee stings you.
You closely miss the killer bee.
You feel sick. The killer bee stings you.
* * * LOW HITPOINT WARNING * * *
You are more poisoned.
The killer bee poisons you! The killer bee stings you.
* * * LOW HITPOINT WARNING * * *
You are more poisoned.
The killer bee poisons you! The killer bee stings you.
* * * LOW HITPOINT WARNING * * *
The killer bee stings you.
* * * LOW HITPOINT WARNING * * *
You are more poisoned.
The killer bee poisons you!
The two-headed ogre completely misses you.
The two-headed ogre hits you with a +0 giant club!
* * * LOW HITPOINT WARNING * * *
You feel much better.
* * * LOW HITPOINT WARNING * * *
You feel extremely sick. The killer bee barely misses you.
The killer bee stings you.
* * * LOW HITPOINT WARNING * * *
You are more poisoned.
The killer bee poisons you! The killer bee stings you.
* * * LOW HITPOINT WARNING * * *
The killer bee barely misses you.
You feel better. The killer bee completely misses you.
The killer bee stings you but does no damage.
The two-headed ogre hits you with a +0 giant club!
* * * LOW HITPOINT WARNING * * *
The two-headed ogre hits you with a +0 giant club!
You die...

#..# #.#
##.####.###### ##.#
#.# #.# #.# #.# #.#
####.# #.# #.# #.#
#....# #.# #.# #.#
#.#### #.# #.#######.#
#.# #.# ###.#.......#
#.# #.#
......############.#
#.####
...............yhO.#
#....#
#################y.#
#.##.# #..#######.##.#
#..........##.#
##.##########.#
############...##
##.###
#...............#
#.....
######.##########....#
#####..### ........#
##.#.# #.........


You could see a two-headed ogre and 2 killer bees.

Vanquished Creatures
  Grinder (D:3)
  Edmund (D:5)
  Duvessa (D:5)
  3 ice beasts
  A black bear (D:4)
  An ogre (D:4)
  A centaur (D:5)
  Blork the orc (D:6)
  5 kobold brigands
  A bullfrog (D:6)
  A scorpion (D:4)
  Dowan (D:5)
  A killer bee (D:6)
  A howler monkey (D:6)
  2 hounds
  A jelly (D:6)
  An orc priest (D:5)
  Jessica (D:2)
  4 iguanas
  A sleepcap (D:6)
  Ijyb (D:3)
  Terence (D:3)
  An orc wizard (D:5)
  A gnoll (D:4)
  15 adders
  4 river rats
  2 white imps (D:6)
  2 ufetubi (D:6)
  5 worms
  3 dart slugs
  13 orcs
  11 endoplasms
  6 giant cockroaches
  4 goblins
  10 hobgoblins
  4 jackals (D:4)
  4 quokkas
  17 ball pythons
  10 bats
  7 frilled lizards
  14 kobolds
  18 rats
  2 butterflies (D:4)
185 creatures vanquished.

Notes
Turn   | Place    | Note
-------+----------+-------------------------------------------
     0 | D:1      | gelatine the Troll Shapeshifter began the quest for the
                  | Orb.
     0 | D:1      | Reached XP level 1. HP: 18/18 MP: 0/0
    59 | D:1      | Reached XP level 2. HP: 26/26 MP: 1/1
   398 | D:1      | Found a faded altar of an unknown god.
   422 | D:1      | Reached XP level 3. HP: 32/32 MP: 2/2
   870 | D:2      | Reached skill level 4 in Unarmed Combat
   890 | D:2      | Reached XP level 4. HP: 40/40 MP: 3/3
  1220 | D:2      | Noticed Jessica
  1237 | D:2      | Killed Jessica
  1238 | D:2      | Reached skill level 1 in Fighting
  1238 | D:2      | Reached XP level 5. HP: 47/48 MP: 4/4
  1377 | D:3      | Noticed Grinder
  1384 | D:3      | Killed Grinder
  1385 | D:3      | Reached skill level 5 in Unarmed Combat
  1385 | D:3      | Reached XP level 6. HP: 33/55 MP: 5/5
  1392 | D:3      | Noticed Terence
  1399 | D:3      | Killed Terence
  1691 | D:3      | Noticed Ijyb
  1702 | D:3      | Killed Ijyb
  2155 | D:4      | Found a staircase to the Ecumenical Temple.
  2165 | Temple   | Entered the Ecumenical Temple
  2238 | D:4      | Found a glowing drain.
  2264 | Sewer    | Entered a sewer
  2305 | Sewer    | Reached skill level 6 in Unarmed Combat
  2305 | Sewer    | Reached XP level 7. HP: 58/62 MP: 6/6
  2695 | D:4      | Reached skill level 1 in Stealth
  2729 | D:4      | Reached skill level 7 in Unarmed Combat
  2778 | D:4      | Found an iron altar of Okawaru.
  2856 | D:4      | Reached XP level 8. HP: 61/72 MP: 7/7
  3143 | D:5      | Entered Level 5 of the Dungeon
  3161 | D:4      | Reached skill level 1 in Throwing
  3233 | D:5      | Reached skill level 8 in Unarmed Combat
  3298 | D:5      | Noticed Edmund
  3311 | D:5      | Killed Edmund
  3488 | D:5      | Identified the +4 barding "Seckij" {rN+ Int+4}
  3633 | D:5      | Noticed Duvessa
  3633 | D:5      | Noticed Dowan
  3659 | D:5      | Killed Duvessa
  3665 | D:5      | Killed Dowan
  3829 | D:6      | Reached skill level 5 in Shapeshifting
  4063 | D:6      | Reached skill level 9 in Unarmed Combat
  4063 | D:6      | Reached XP level 9. HP: 71/79 MP: 8/8
  4094 | D:6      | Noticed Blork the orc
  4105 | D:6      | Killed Blork the orc
  4657 | D:7      | Noticed a two-headed ogre
  4678 | D:6      | HP: 2/80 [two-headed ogre/+0 giant club (12)]
  4680 | D:6      | Slain by a two-headed ogre

Illustrated notes

Levels and vault maps discovered:
D:1:      orjb1_clovarrival, layout_basic, shapermc_ecumenical_altar_venn,
          minmay_rat_gold_closets
D:2:      layout_basic, uniq_jessica
D:3:      layout_loops_ring, serial_aquarium, aquarium_bridge_long_joined
          [aquarium_subvault_bridge, aquarium_subvault_bridge,
          aquarium_subvault_wall, aquarium_subvault_wall,
          aquarium_subvault_window, aquarium_subvault_bridge],
          aquarium_window_corner, aquarium_window_2, aquarium_window_1,
          aquarium_view_2a, aquarium_view_4, aquarium_balcony_1b, uniq_terence,
          uniq_ijyb, uniq_grinder
D:4:      layout_cave_pools, okawaru_altar_gauntlet_db,
          minmay_temple_entry_butterflies, portal_sewer_entry_c
D:5:      layout_rooms, nicolae_fountain_basement, uniq_edmund, uniq_duvessa
D:6:      layout_loops_ring, roderic_roman_lattice, columned_hall_lemuel,
          uniq_blork_the_orc
D:7:      layout_basic, old_standard_altar, skrybe_limestone_x, uniq_pikel
Temple:   mainiacjoe_temple_big_plus

Skill      XL: |  1  2  3  4  5  6  7  8 |
---------------+-------------------------+-----
Dodging        | 2 3 4 |  4.3
Unarmed Combat | 4 5 6 7 9 |  9.2
Fighting       | 1 2 |  2.5
Shapeshifting  | 4 5 |  5.2
Stealth        | 1 |  1.4
Throwing       | 2 |  2.7

Action                     |  1- 3 |  4- 6 |  7- 9 || total
---------------------------+-------+-------+-------++-------
  Melee: Unarmed           |   130 |   135 |   200 ||   465
         Punch             |     2 |     3 |     7 ||    12
  Throw: Dart              |       |       |    37 ||    37
    Use: Scroll            |       |     8 |     4 ||    12
         Potion            |       |       |     6 ||     6
   Stab: Sleeping          |     1 |     1 |       ||     2
 Armour: Animal skin       |   104 |    75 |   145 ||   324
  Dodge: Dodged            |    82 |    68 |   110 ||   260

Table legend: (Time is in decaauts)
 A = Elapsed time spent in this place.
 B = Non-inter-level travel time spent in this place.
 C = Inter-level travel time spent in this place.
 D = Time resting spent in this place.
 E = Time spent auto-exploring this place.
 F = Levels seen in this place.
 G = Mean time per level.
                   A        B        C        D        E       F      G
               +--------+--------+--------+--------+--------+-----+--------+
         Total |   4634 |   4443 |    191 |      0 |   3069 |   9 |  514.9 |
       Dungeon |   4240 |   4049 |    191 |      0 |   2954 |   7 |  605.7 |
        Temple |      9 |      9 |      0 |      0 |      0 |   1 |    9.0 |
         Sewer |    384 |    384 |      0 |      0 |    115 |   1 |  384.0 |
               +--------+--------+--------+--------+--------+-----+--------+

Top non-repeatable levels by time:
     D:6: 937 daAuts
     D:3: 772 daAuts
     D:1: 752 daAuts
     D:4: 625 daAuts
     D:2: 607 daAuts
     D:5: 541 daAuts
   Sewer: 384 daAuts
  Temple: 9 daAuts
     D:7: 4 daAuts
